 Dungeon Crawl Stone Soup version 0.19.1 (webtiles) character file.

262 Alarkh the Grave Robber (level 5, 0/42 HPs)
             Began as a Deep Dwarf Necromancer on Nov 28, 2016.
             Slain by an ogre
             ... wielding a +0 giant club
              (13 damage)
             ... on level 4 of the Dungeon.
             The game lasted 00:04:54 (2404 turns).

Alarkh the Grave Robber (Deep Dwarf Necromancer)    Turns: 2404, Time: 00:04:54

Health: 0/42       AC:  2    Str: 11    XL:     5   Next: 97%
Magic:  13/19      EV: 12    Int: 17    God:
Gold:   91         SH:  0    Dex: 13    Spells: 2 memorised, 7 levels left

rFire  . . .     SeeInvis .     z - +0 war axe (vamp)
rCold  . . .     Gourm    .     a - +0 robe
rNeg   + . .     Faith    .     (no shield)
rPois  .         Spirit   .     (no helmet)
rElec  .         Reflect  .     (no cloak)
rCorr  .         Harm     .     (no gloves)
MR     .....                    (no boots)
Stlth  ++........               (no amulet)
                                y - ring of magical power
                                t - ring of positive energy

@: non-regenerating, drained
A: damage resistance, recharge devices, sense surroundings 1, slow regeneration
3
a: Device Recharging


You were on level 4 of the Dungeon.
You were hungry.

You visited 1 branch of the dungeon, and saw 5 of its levels.

You collected 91 gold pieces.

Inventory:

Hand Weapons
 p - a +3 dagger of draining
 w - a -3 hand axe
 z - a +0 vampiric war axe (weapon)
Armour
 a - a +0 robe (worn)
 f - a +3 chain mail of poison resistance
Jewellery
 n - an uncursed amulet of harm
 t - a ring of positive energy (left hand)
 y - a ring of magical power (right hand)
Wands
 c - a wand of heal wounds (5/9)
Scrolls
 e - a scroll of identify
 h - a scroll of teleportation {unknown}
 j - a scroll of remove curse
 k - a scroll of fear {unknown}
 o - a scroll of enchant armour {unknown}
 x - a scroll of fog {unknown}
Potions
 i - a potion of heal wounds
 l - a potion of cancellation {unknown}
 r - 2 potions of agility {unknown}
 s - a potion of might {unknown}
 u - a potion of ambrosia {unknown}
 v - a potion of brilliance {unknown}
Books
 b - a book of Necromancy

   Spells                             Type                      Level
   a - Pain                           Necromancy                   1
   b - Animate Skeleton               Necromancy                   1
   c - Vampiric Draining              Necromancy                   3
   d - Regeneration                   Charms/Necromancy            3
   e - Animate Dead                   Necromancy                   4
   f - Control Undead                 Necromancy                   4
Comestibles
 d - 3 bread rations
 g - a meat ration
 m - 6 fruits
 q - a chunk of flesh


   Skills:
 + Level 0.0 Axes
 - Level 2.1(1.8) Dodging
 - Level 2.4(2.0) Stealth
 + Level 3.9(3.5) Spellcasting
 + Level 6.4(6.0) Necromancy


You had 7 spell levels left.
You knew the following spells:

 Your Spells              Type           Power        Failure   Level  Hunger
a - Vampiric Draining     Necr           ###.......   6%          3    ###....
e - Pain                  Necr           ###.         1%          1    None


Dungeon Overview and Level Annotations

Branches:
Dungeon (5/15)
 Temple: D:4-7

Altars:
Cheibriados
Gozag
Hepliaklqana

Annotations:
D:3 truemonolith's ghost, amateur HaBe
D:4 exclusion: ogre
D:5 Trampli's ghost, novice VSTm


Innate Abilities, Weirdness & Mutations

You are resistant to damage.
You can recharge devices by infusing magical energy.
You passively map a small area around you.
You do not regenerate.


Message History

Confirm with . or Enter, or press ? or * to list all spells.
Aiming: Vampiric Draining
Press: ? - help, Shift-Dir - straight line, f - ogre
Aim: an ogre, wielding a giant club The ogre is lightly wounded.
You feel life coursing into your body.
The orc priest mumbles some strange prayers to Beogh against you.
Beogh smites you!
* * * LOW HITPOINT WARNING * * *
The ogre barely misses you.
Casting: Vampiric Draining
Confirm with . or Enter, or press ? or * to list all spells.
Aiming: Vampiric Draining
Press: ? - help, Shift-Dir - straight line, f/p - ogre
Aim: an ogre, wielding a giant club (lightly wounded)
The ogre is heavily wounded.
You feel life coursing into your body.
You are feeling hungry.
The ogre hits you with a giant club!
You die...

#.........##########..# #
#.........# ##.# # ######.#..#
#.# # #....# #.# # ##...# #.###
#...# #...# #...# ###.#
###############..O# #..
..........o.....@.# #.#
#################.###############
#....................
#.###.############### #.#
#.#.....##....... #.#
#.##..#.##.###### #.#
#.#........<..#.# #.#
#.#...#.##..#.#.# #.#
#.#...#.##..#.#.#


You could see an ogre and an orc priest.

Vanquished Creatures
  A howler monkey (D:4)
  An iguana (D:4)
  Terence (D:2)
  Natasha (twice) (D:2)
  6 adders
  2 oozes
  An adder skeleton (D:4)
  3 dart slugs
  2 leopard geckos
  5 orcs
  3 bats
  3 giant cockroaches (D:1)
  3 jackals (D:3)
  8 kobolds
  A quokka (D:2)
  2 frilled lizards
  9 goblins
  5 rats
58 creatures vanquished.

Notes
Turn   | Place    | Note
-------+----------+-------------------------------------------
     0 | D:1      | Alarkh the Deep Dwarf Necromancer began the quest for the Orb.
     0 | D:1      | Reached XP level 1. HP: 15/15 MP: 3/3
   134 | D:1      | Reached XP level 2. HP: 22/22 MP: 0/5
   683 | D:1      | Reached XP level 3. HP: 28/28 MP: 4/6
   688 | D:1      | Learned a level 3 spell: Vampiric Draining
   869 | D:2      | Found a hazy altar of Hepliaklqana.
   869 | D:2      | Found an opulent altar of Gozag.
   875 | D:2      | Noticed Terence
   938 | D:2      | Killed Terence
   938 | D:2      | Reached skill level 5 in Necromancy
  1083 | D:2      | Reached XP level 4. HP: 18/36 MP: 8/8
  1400 | D:2      | Noticed Natasha
  1465 | D:2      | Killed Natasha
  1523 | D:2      | Noticed Natasha
  1525 | D:2      | Killed Natasha
  1525 | D:2      | Reached XP level 5. HP: 28/42 MP: 2/10
  1671 | D:3      | Reached skill level 6 in Necromancy
  1695 | D:3      | Noticed truemonolith's ghost (amateur HaBe)
  1723 | D:4      | Found a snail-covered altar of Cheibriados.
  1952 | D:4      | Noticed an ogre
  2317 | D:4      | Noticed an ogre
  2400 | D:5      | Entered Level 5 of the Dungeon
  2400 | D:5      | Noticed Trampli's ghost (novice VSTm)
  2404 | D:4      | Slain by an ogre

Skill      XL: |  1  2  3  4  5 |
---------------+----------------+-----
Spellcasting   | 2 3 |  3.9
Necromancy     | 5 6 |  6.4
Dodging        | |  2.1
Stealth        | |  2.4

Action                   |  1- 3 |  4- 6 || total
-------------------------+-------+-------++-------
Melee: Unarmed           |     1 |       ||     1
       Dagger            |    23 |    47 ||    70
 Cast: Pain              |    46 |     4 ||    50
       Vampiric Draining |       |    24 ||    24
  Use: Scroll            |       |     3 ||     3
  Eat: Chunk             |     1 |     6 ||     7
       Meat ration       |       |     1 ||     1
Armor: Robe              |     3 |    10 ||    13
       Chain mail        |    15 |    12 ||    27
Dodge: Dodged            |    18 |    35 ||    53
